[Event "Olimpiade 2024 - Donne"]
[Site "Budapest"]
[Date "22.09.2024"]
[Round "11.10"]
[White "Sarquis, Maria Belen"]
[Black "Mandura, Tijana"]
[Result "1-0"]
[WhiteElo "2172"]
[BlackElo "2207"]
[ECO "C50"]
[Opening "King's pawn game"]
[TimeControl "40/5400+30:1800"]
[EventDate "2024.09.11"]
[Board "4"]
[WhiteFideId "111805"]
[BlackFideId "16500270"]
[WhiteTeam "Argentina"]
[BlackTeam "Serbia"]

1. e4 e5 2. Nf3 Nc6 3. Bc4 d6 4. O-O Be7 5. a4 Nf6 6. d3 O-O 7. Re1 Kh8 8.
h3 Be6 9. Ng5 Bxc4 10. dxc4 Nb8 11. Nc3 Nbd7 12. Be3 a5 13. Nf3 Re8 14. Qd3
Kg8 15. Rad1 Bf8 16. Nd5 Nh5 17. Qb3 c6 18. Nb6 Nxb6 19. Bxb6 Qe7 20. g3 c5
21. Qb5 Ra6 22. Nd2 Nf6 23. Bxa5 Qd7 24. Qxd7 Nxd7 25. Nb3 b6 26. Bc3 Rxa4
27. Ra1 Rea8 28. Rxa4 Rxa4 29. Ra1 Rxa1+ 30. Nxa1 g6 31. Nb3 Nf6 32. f3 Bh6
33. Kf2 Kf8 34. Bd2 Bxd2 35. Nxd2 Ke7 36. Nb1 Kd7 37. Nc3 Kc6 38. f4 exf4
39. gxf4 Nh5 40. Kf3 Ng7 41. Kg4 f5+ 42. exf5 Nxf5 43. Kg5 Kd7 44. Nd5 Ke6
45. Nxb6 Ne3 46. c3 Nd1 47. Na4 Nf2 48. h4 Nd3 49. b3 Nf2 50. b4 Ne4+ 51.
Kg4 h5+ 52. Kh3 Kf5 53. b5 Kxf4 54. b6 Nf6 55. b7 Nd7 56. Nb6 Nb8 57. Nc8
Ke5 58. Ne7 Kf6 59. Nc8 Ke5 60. Kg3 d5 61. cxd5 Kxd5 62. Kf4 Kc6 63. Kg5
Kxb7 64. Ne7 Kb6 65. Nxg6 Nd7 66. Kxh5 Nf6+ 67. Kg5 Ne4+ 68. Kf5 Ng3+ 69.
Ke5 Kb5 70. Kd5 Nh5 71. Ne5 Nf6+ 72. Ke6 Nh5 73. Kf5 c4 74. Nf3 Ka4 75. Nd4
Ng3+ 76. Kg6 Ne4 77. h5 Nxc3 78. h6 Nd5 79. h7 Nf4+ 80. Kf5 1-0

[Event "Olimpiade 2024 - Donne"]
[Site "Budapest"]
[Date "22.09.2024"]
[Round "11.11"]
[White "Theissl Pokorna, Regina"]
[Black "Daulyte-Cornette, Deimante"]
[Result "0-1"]
[WhiteElo "2302"]
[BlackElo "2369"]
[ECO "A04"]
[Opening "Reti opening"]
[TimeControl "40/5400+30:1800"]
[EventDate "2024.09.11"]
[Board "1"]
[WhiteFideId "14902052"]
[BlackFideId "12802859"]
[WhiteTeam "Austria"]
[BlackTeam "France"]

1. Nf3 c5 2. c4 Nf6 3. b3 e6 4. Bb2 d5 5. g3 Nc6 6. Bg2 d4 7. d3 e5 8. O-O
Bd6 9. e3 O-O 10. exd4 exd4 11. Na3 Bf5 12. Nc2 a5 13. a3 Rc8 14. b4 b6 15.
h3 h6 16. Rb1 Re8 17. Qd2 Nd7 18. bxa5 Nxa5 19. Ba1 Nf6 20. Rfe1 Bc7 21.
Rxe8+ Qxe8 22. Re1 Qa4 23. Qd1 b5 24. Ncxd4 cxd4 25. Nxd4 Bd7 26. Nxb5 Qxd1
27. Rxd1 Bxb5 28. cxb5 Bb6 29. Bxf6 gxf6 30. Rd2 Bd4 31. a4 Rc1+ 32. Kh2
Ra1 33. Re2 Rxa4 34. Re4 Rb4 35. b6 Kf8 36. Rh4 Bc3 37. b7 Rb2 38. Rxh6 Kg7
39. Rh4 Nxb7 40. Rg4+ Kf8 41. Rc4 Be5 42. Bxb7 Rxb7 43. d4 Bd6 44. Kg2 Rb2
45. Ra4 f5 46. Ra8+ Ke7 47. Ra4 Ke6 48. h4 f4 49. gxf4 Kf5 50. h5 Bxf4 51.
Ra7 f6 52. Ra5+ Kg4 53. Ra6 Bg5 54. h6 Rb7 55. d5 Kf5 56. Rc6 Bxh6 0-1

[Event "Olimpiade 2024 - Donne"]
[Site "Budapest"]
[Date "22.09.2024"]
[Round "11.11"]
[White "Guichard, Pauline"]
[Black "Newrkla, Katharina"]
[Result "1/2-1/2"]
[WhiteElo "2374"]
[BlackElo "2208"]
[ECO "E46"]
[Opening "Nimzo-Indian"]
[Variation "Reshevsky variation"]
[TimeControl "40/5400+30:1800"]
[EventDate "2024.09.11"]
[Board "2"]
[WhiteFideId "639370"]
[BlackFideId "1621629"]
[WhiteTeam "France"]
[BlackTeam "Austria"]

1. d4 Nf6 2. c4 e6 3. Nc3 Bb4 4. e3 O-O 5. Ne2 Re8 6. a3 Bf8 7. Ng3 d5 8.
Be2 b6 9. O-O Bb7 10. cxd5 exd5 11. b4 c5 12. bxc5 bxc5 13. dxc5 Nbd7 14.
Bb2 Nxc5 15. Nb5 Nfe4 16. a4 a6 17. Nd4 Rb8 18. a5 Ba8 19. Qc2 Qd7 20. Rfb1
g6 21. Nxe4 dxe4 22. Ba3 Rxb1+ 23. Rxb1 Rc8 24. Qd1 Na4 25. Bb2 Nxb2 26.
Rxb2 Qd6 27. Rc2 Rb8 28. Qc1 Bb7 29. Rc7 Bd5 30. Rc8 Rb4 31. g3 h5 32. Qc7
Rb1+ 33. Kg2 Qxc7 34. Rxc7 Ra1 35. Bxa6 Rxa5 36. Bc4 Bxc4 37. Rxc4 Ra6 38.
Rc8 f5 39. h4 Kf7 40. Nb5 Rb6 41. Nc3 Bd6 42. Nd5 Rb5 1/2-1/2

[Event "Olimpiade 2024 - Donne"]
[Site "Budapest"]
[Date "22.09.2024"]
[Round "11.11"]
[White "Exler, Veronika"]
[Black "Hejazipour, Mitra"]
[Result "1/2-1/2"]
[WhiteElo "2176"]
[BlackElo "2327"]
[ECO "B22"]
[Opening "Sicilian"]
[Variation "Alapin's variation (2.c3)"]
[TimeControl "40/5400+30:1800"]
[EventDate "2024.09.11"]
[Board "3"]
[WhiteFideId "1620550"]
[BlackFideId "12505951"]
[WhiteTeam "Austria"]
[BlackTeam "France"]

1. e4 c5 2. c3 Nf6 3. e5 Nd5 4. d4 cxd4 5. Nf3 e6 6. cxd4 d6 7. Bc4 Be7 8.
O-O O-O 9. Qe2 Nc6 10. Nc3 Nxc3 11. bxc3 dxe5 12. dxe5 Qc7 13. Bd3 b6 14.
Re1 Bb7 15. Ng5 Bxg5 16. Bxg5 Ne7 17. Qh5 Nf5 18. g4 Qxc3 19. Qh3 Ba6 20.
Rad1 h6 21. gxf5 hxg5 22. fxe6 Bxd3 23. exf7+ Rxf7 24. Qxd3 Qxd3 25. Rxd3
Re8 26. e6 Rfe7 27. Rd6 Kh7 28. Re3 Kg6 29. Ra3 Rxe6 1/2-1/2

[Event "Olimpiade 2024 - Donne"]
[Site "Budapest"]
[Date "22.09.2024"]
[Round "11.11"]
[White "Benmesbah, Natacha"]
[Black "Schloffer, Jasmin-Denise"]
[Result "1/2-1/2"]
[WhiteElo "2258"]
[BlackElo "2168"]
[ECO "B15"]
[Opening "Caro-Kann"]
[Variation "Tartakower (Nimzovich) variation"]
[TimeControl "40/5400+30:1800"]
[EventDate "2024.09.11"]
[Board "4"]
[WhiteFideId "642002"]
[BlackFideId "1631209"]
[WhiteTeam "France"]
[BlackTeam "Austria"]

1. e4 c6 2. d4 d5 3. Nc3 dxe4 4. Nxe4 Nf6 5. Nxf6+ exf6 6. c3 Bd6 7. Bd3
O-O 8. Qc2 Re8+ 9. Ne2 h5 10. O-O h4 11. h3 Nd7 12. Bd2 c5 13. Rae1 Nf8 14.
d5 Bd7 15. c4 Qc8 16. Nf4 Qc7 17. Nh5 Re5 18. Qd1 Rxe1 19. Rxe1 Be5 20. Qc1
Re8 21. Kf1 g6 22. Nf4 Qc8 23. Be4 b5 24. Nd3 Bd4 25. b3 bxc4 26. bxc4 Bxh3
27. Nf4 Bd7 28. Bd3 Rxe1+ 29. Qxe1 h3 30. g3 Bf5 31. Kg1 Bxd3 32. Nxd3 Qg4
33. Kh2 Qf3 34. Qf1 g5 35. Kxh3 Ng6 36. Ne1 Qh5+ 37. Kg2 Ne5 38. f3 g4 39.
fxg4 Qxg4 40. Nf3 Qe4 41. Bf4 Qc2+ 42. Kh3 Qxc4 43. Qxc4 Nxc4 44. Kg4 Ne5+
45. Bxe5 fxe5 46. Nd2 Kf8 47. Kf5 Ke7 48. Nc4 f6 49. g4 Kd7 50. Ke4 Bc3 51.
Kd3 Bd4 52. Nd2 Kd6 53. Kc4 a6 54. Ne4+ Ke7 55. Kd3 Bg1 56. Nd2 Kd6 57. Ke4
Bd4 58. Nc4+ Kd7 59. Kf5 Ke7 60. Ke4 Kd7 1/2-1/2

[Event "Olimpiade 2024 - Donne"]
[Site "Budapest"]
[Date "22.09.2024"]
[Round "11.12"]
[White "Borosova, Zuzana"]
[Black "Roebers, Eline"]
[Result "0-1"]
[WhiteElo "2205"]
[BlackElo "2340"]
[ECO "C15"]
[Opening "French"]
[Variation "Winawer (Nimzovich) variation"]
[TimeControl "40/5400+30:1800"]
[EventDate "2024.09.11"]
[Board "1"]
[WhiteFideId "14905779"]
[BlackFideId "1058401"]
[WhiteTeam "Slovakia"]
[BlackTeam "Netherlands"]

1. e4 e6 2. d4 d5 3. Nc3 Bb4 4. exd5 exd5 5. Bd3 Nf6 6. Ne2 O-O 7. O-O Re8
8. a3 Bf8 9. Bg5 c6 10. h3 a5 11. Ng3 g6 12. Qd2 Bg7 13. Rae1 Rxe1 14. Rxe1
Nbd7 15. Bh6 Nf8 16. Bxg7 Kxg7 17. Nce2 Bd7 18. f4 Qc7 19. f5 Re8 20. Rf1
b6 21. fxg6 hxg6 22. Rf4 Qd8 23. Rh4 Ng8 24. Rf4 Ne6 25. Rf3 Qh4 26. c3 Ng5
27. Rf4 Qh6 28. Qc1 f5 29. Rf1 Ne4 30. Qxh6+ Nxh6 31. Rd1 g5 32. Nf1 Nf7
33. Nh2 Ned6 34. Nf3 c5 35. Ng3 c4 36. Bc2 Ne4 37. Nf1 b5 38. N3d2 Ned6 39.
Kf2 Rb8 40. Ne3 Be6 41. Ra1 Kf6 42. Kf3 Ne4 43. Ke2 Nfd6 44. Nd1 f4 45. Nf3
Bf5 46. Bxe4 dxe4 47. Ne5 e3 48. a4 b4 49. cxb4 Rxb4 50. Rc1 Be4 51. g3 Nf5
52. gxf4 gxf4 53. Ng4+ Ke6 54. d5+ Bxd5 55. Ke1 Be4 56. Rc3 Bd3 57. b3 Nd4
58. Ngxe3 fxe3 59. Nxe3 Rxb3 0-1

[Event "Olimpiade 2024 - Donne"]
[Site "Budapest"]
[Date "22.09.2024"]
[Round "11.12"]
[White "Peng, Zhaoqin"]
[Black "Repkova, Eva"]
[Result "1-0"]
[WhiteElo "2349"]
[BlackElo "2319"]
[ECO "D37"]
[Opening "QGD"]
[Variation "4.Nf3"]
[TimeControl "40/5400+30:1800"]
[EventDate "2024.09.11"]
[Board "2"]
[WhiteFideId "1004786"]
[BlackFideId "14900440"]
[WhiteTeam "Netherlands"]
[BlackTeam "Slovakia"]

1. Nf3 d5 2. d4 Nf6 3. c4 e6 4. Nc3 a6 5. cxd5 exd5 6. Bg5 Be7 7. e3 c6 8.
Qc2 h6 9. Bh4 O-O 10. Bd3 Re8 11. O-O Ne4 12. Bxe4 Bxh4 13. Bh7+ Kh8 14.
Ne5 Rf8 15. Bd3 Nd7 16. f4 Nxe5 17. fxe5 Be6 18. Ne2 Qd7 19. Nf4 Bg4 20. h3
Be6 21. Rf3 Bg5 22. Raf1 Rae8 23. Ng6+ Kg8 24. Nxf8 Rxf8 25. Qf2 c5 26. Bf5
Bxf5 27. Rxf5 g6 28. Rf3 h5 29. h4 Bd8 30. Rf4 Qe6 31. Qf3 cxd4 32. exd4
Bb6 33. Kh1 Qd7 34. Rf6 Qd8 35. Qf4 1-0

[Event "Olimpiade 2024 - Donne"]
[Site "Budapest"]
[Date "22.09.2024"]
[Round "11.12"]
[White "Mrvova, Alena"]
[Black "Van Foreest, Machteld"]
[Result "0-1"]
[WhiteElo "2121"]
[BlackElo "2224"]
[ECO "B40"]
[Opening "Sicilian defence"]
[TimeControl "40/5400+30:1800"]
[EventDate "2024.09.11"]
[Board "3"]
[WhiteFideId "14902036"]
[BlackFideId "1051563"]
[WhiteTeam "Slovakia"]
[BlackTeam "Netherlands"]

1. e4 c5 2. Nf3 e6 3. d3 Nf6 4. g3 d5 5. Nbd2 Be7 6. Bg2 O-O 7. O-O Nc6 8.
Qe2 b5 9. exd5 exd5 10. d4 c4 11. c3 Bf5 12. Re1 Bd3 13. Qd1 Qb6 14. h3
Rfe8 15. Re3 Bd6 16. Rxd3 cxd3 17. Nf1 b4 18. Qxd3 Rac8 19. Ne3 bxc3 20.
bxc3 Na5 21. Rb1 Qc6 22. Rb5 Nc4 23. Rb3 Nxe3 24. Bxe3 a5 25. Qb1 Ne4 26.
Ng5 Nf6 27. Bf1 Re7 28. a4 h6 29. Nf3 Ne4 30. Nh4 Nxc3 31. Qf5 Bxg3 32. Rb6
Qc7 33. Ng2 Bh2+ 34. Kh1 Ne4 35. Ra6 Bd6 36. Bd3 Qd7 37. Bxe4 dxe4 38. Rxa5
Qxf5 39. Rd5 Qe5 40. Rxe5 Ra8 41. Rd5 Bb4 42. Nf4 Rxa4 43. Rd8+ Kh7 44. Nd5
Re6 45. Bf4 Be1 46. Be3 Ra2 47. Rd7 Bxf2 48. Rxf7 Bxe3 49. Nxe3 Rb6 50. Rf1
Re2 51. Ng2 Rbb2 52. Rg1 Rbd2 53. d5 Rf2 54. Kh2 Rxd5 55. Kg3 Rf3+ 0-1

[Event "Olimpiade 2024 - Donne"]
[Site "Budapest"]
[Date "22.09.2024"]
[Round "11.12"]
[White "Bensdorp-De Labaca, Marlies"]
[Black "Bochnickova, Simona"]
[Result "1-0"]
[WhiteElo "2241"]
[BlackElo "2138"]
[ECO "E20"]
[Opening "Nimzo-Indian defence"]
[TimeControl "40/5400+30:1800"]
[EventDate "2024.09.11"]
[Board "4"]
[WhiteFideId "1009311"]
[BlackFideId "14958562"]
[WhiteTeam "Netherlands"]
[BlackTeam "Slovakia"]

1. d4 Nf6 2. c4 e6 3. Nc3 Bb4 4. Bd2 O-O 5. Nf3 d5 6. e3 b6 7. a3 Bxc3 8.
Bxc3 Ne4 9. Rc1 Bb7 10. Bd3 dxc4 11. Bxc4 Nxc3 12. Rxc3 Qf6 13. Be2 Na6 14.
Qa4 Qg6 15. O-O e5 16. Rfc1 Rae8 17. Bd3 e4 18. Nh4 Qg4 19. Bxa6 Bd5 20. g3
Re6 21. Qd1 Qg5 22. Ng2 Rh6 23. h4 Qf5 24. Rxc7 g5 25. h5 Qh3 26. Bf1 Qe6
27. Rxa7 f5 28. Rcc7 Kh8 29. Be2 Qf6 30. Qc1 Bf7 31. d5 Bxh5 32. Bxh5 Rxh5
33. Qc3 Qxc3 34. bxc3 1-0

[Event "Olimpiade 2024 - Donne"]
[Site "Budapest"]
[Date "22.09.2024"]
[Round "11.13"]
[White "Munkhzul, Turmunkh"]
[Black "Cramling, Pia"]
[Result "1/2-1/2"]
[WhiteElo "2256"]
[BlackElo "2425"]
[ECO "B42"]
[Opening "Sicilian"]
[Variation "Kan, Polugaievsky variation"]
[TimeControl "40/5400+30:1800"]
[EventDate "2024.09.11"]
[Board "1"]
[WhiteFideId "4901878"]
[BlackFideId "1700030"]
[WhiteTeam "Mongolia"]
[BlackTeam "Sweden"]

1. e4 c5 2. Nf3 e6 3. d4 cxd4 4. Nxd4 a6 5. Bd3 Bc5 6. Nb3 Ba7 7. Qe2 d6 8.
Be3 Nc6 9. c4 Nf6 10. Nc3 O-O 11. Bxa7 Rxa7 12. O-O e5 13. Rfd1 Be6 14. Qe3
Ra8 15. Be2 Rc8 16. Rac1 Na5 17. Nxa5 Qxa5 18. b3 Rfd8 19. a4 Qb4 20. Rb1
Nd7 21. Na2 Qa3 22. Rd2 Nc5 23. Nc3 Qb4 24. Na2 Qa3 25. Nc3 Qb4 26. Na2 Qa3
27. Nc3 Qb4 1/2-1/2

[Event "Olimpiade 2024 - Donne"]
[Site "Budapest"]
[Date "22.09.2024"]
[Round "11.13"]
[White "Agrest, Inna"]
[Black "Nomin-Erdene, Davaademberel"]
[Result "0-1"]
[WhiteElo "2197"]
[BlackElo "2319"]
[ECO "C77"]
[Opening "Ruy Lopez"]
[Variation "Anderssen variation"]
[TimeControl "40/5400+30:1800"]
[EventDate "2024.09.11"]
[Board "2"]
[WhiteFideId "1708830"]
[BlackFideId "4900782"]
[WhiteTeam "Sweden"]
[BlackTeam "Mongolia"]

1. e4 e5 2. Nf3 Nc6 3. Bb5 a6 4. Ba4 Nf6 5. d3 d6 6. c3 g6 7. O-O Bg7 8.
Re1 O-O 9. Nbd2 b5 10. Bc2 Bb7 11. a4 Re8 12. Nf1 d5 13. Bg5 Qd7 14. N3d2
d4 15. Nb3 Qd6 16. Qc1 Nd7 17. Bd1 f6 18. Bd2 Bf8 19. h4 Nb6 20. a5 Nd7 21.
h5 Nd8 22. c4 c5 23. cxb5 axb5 24. a6 Bxa6 25. Na5 Rc8 26. hxg6 hxg6 27. b3
Re7 28. Bg4 Ne6 29. Qd1 Rh7 30. Qf3 Be7 31. Rec1 Ndf8 32. Ra2 Bd8 33. Rca1
Ra8 34. Qd1 Nc7 35. b4 c4 36. dxc4 bxc4 37. Nxc4 Bxc4 38. Rxa8 Nxa8 39.
Rxa8 Rb7 40. Qa4 Bf7 41. Rc8 Rb8 42. Rc6 Qe7 43. Ra6 Qe8 44. Qc2 Bb6 45.
Qd3 Qc6 46. Qf3 Bc4 47. Ra1 f5 48. exf5 Qxf3 49. gxf3 Bd5 50. Ng3 Kf7 51.
Re1 Bc7 52. Ne4 gxf5 53. Bxf5 Ne6 54. Rc1 Bb6 55. Bg4 Rg8 56. Ng3 Ng5 57.
Kg2 Ne6 58. Kf1 Rh8 59. Kg1 Rg8 60. Kf1 Ra8 61. Bh5+ Ke7 62. Bg4 Ra2 63.
Ke1 d3 64. Nf5+ Kf6 65. Ne3 Bb7 66. Nc4 Bd4 67. Nd6 Bd5 68. Ne4+ Bxe4 69.
fxe4 Nf4 70. Rc6+ Kg5 71. f3 Kh4 72. Kd1 Ng2 73. Rh6+ Kg3 74. Rc6 Ne3+ 75.
Ke1 Nc2+ 76. Rxc2 Rxc2 77. Kd1 Ra2 78. Be1+ Kf4 79. Bd2+ Be3 80. Bc3 Rc2
0-1

[Event "Olimpiade 2024 - Donne"]
[Site "Budapest"]
[Date "22.09.2024"]
[Round "11.13"]
[White "Khuslen, Erdenebayar"]
[Black "Cramling Bellon, Anna"]
[Result "1-0"]
[WhiteElo "2229"]
[BlackElo "2066"]
[ECO "D35"]
[Opening "QGD"]
[Variation "exchange, positional line, 5...c6"]
[TimeControl "40/5400+30:1800"]
[EventDate "2024.09.11"]
[Board "3"]
[WhiteFideId "4910532"]
[BlackFideId "32009232"]
[WhiteTeam "Mongolia"]
[BlackTeam "Sweden"]

1. d4 d5 2. c4 e6 3. Nc3 Nf6 4. cxd5 exd5 5. Bg5 c6 6. e3 Bd6 7. Bd3 O-O 8.
Qc2 h6 9. Bh4 Re8 10. Nf3 Be6 11. Ne5 c5 12. O-O cxd4 13. exd4 Nc6 14. Nxc6
bxc6 15. h3 g5 16. Bg3 Nh5 17. Ne2 Nf4 18. Kh2 Kh8 19. Ng1 Rc8 20. Rad1 Qf6
21. Bxf4 Bxf4+ 22. g3 Bd6 23. Kg2 h5 24. Rd2 c5 25. dxc5 Rxc5 26. Qd1 g4
27. hxg4 hxg4 28. Be2 Qg6 29. Qa4 Re7 30. Qd4+ f6 31. Bd3 Qh6 32. Re2 Rcc7
33. Rxe6 Rxe6 34. Qxg4 Ree7 35. Nf3 Qg7 36. Qh5+ Kg8 37. Qxd5+ Qf7 38. Qxd6
Rcd7 39. Qb8+ Re8 40. Qb5 Kg7 41. Qf5 Rh8 42. Rc1 Rdd8 43. Rc6 Rh5 44. Qg4+
Kh6 45. Qf4+ Kg7 46. Rc7 Rxd3 47. Qg4+ 1-0

[Event "Olimpiade 2024 - Donne"]
[Site "Budapest"]
[Date "22.09.2024"]
[Round "11.13"]
[White "Valcu, Lavinia"]
[Black "Mungunzul, Bat-Erdene"]
[Result "0-1"]
[WhiteElo "2076"]
[BlackElo "2224"]
[ECO "D31"]
[Opening "QGD"]
[Variation "semi-Slav, Abrahams variation"]
[TimeControl "40/5400+30:1800"]
[EventDate "2024.09.11"]
[Board "4"]
[WhiteFideId "1752197"]
[BlackFideId "4902831"]
[WhiteTeam "Sweden"]
[BlackTeam "Mongolia"]

1. d4 d5 2. c4 e6 3. Nc3 c6 4. Nf3 dxc4 5. a4 Bb4 6. e3 b5 7. Bd2 a5 8.
axb5 Bxc3 9. Bxc3 cxb5 10. b3 Bb7 11. bxc4 b4 12. Bd2 Nf6 13. Bd3 O-O 14.
Qb1 Nbd7 15. h4 Re8 16. Ng5 Nf8 17. Rh3 h6 18. Nf3 N8d7 19. Rg3 e5 20. dxe5
Nxe5 21. Nxe5 Rxe5 22. Bc3 bxc3 23. Qxb7 Rb8 24. Qa7 Re7 25. Qa6 Nh5 26.
Qxh6 Qxd3 27. Qxh5 c2 28. Rxg7+ Kxg7 29. Qg5+ Qg6 30. Qxe7 Rb1+ 31. Ke2
c1=Q 32. Qe5+ Kh7 0-1

[Event "Olimpiade 2024 - Donne"]
[Site "Budapest"]
[Date "22.09.2024"]
[Round "11.14"]
[White "Dolgova, Olga"]
[Black "Kosteniuk, Alexandra"]
[Result "1/2-1/2"]
[WhiteElo "2171"]
[BlackElo "2483"]
[ECO "A45"]
[Opening "Queen's pawn game"]
[TimeControl "40/5400+30:1800"]
[EventDate "2024.09.11"]
[Board "1"]
[WhiteFideId "4158296"]
[BlackFideId "4128125"]
[WhiteTeam "Norway"]
[BlackTeam "Switzerland"]

1. d4 Nf6 2. Bf4 e6 3. e3 b6 4. Qf3 Nc6 5. c3 Bb7 6. e4 d6 7. Bg5 h6 8. Be3
Ne7 9. Bb5+ c6 10. Bd3 Qc7 11. Nd2 Ng6 12. Qe2 e5 13. Ngf3 Be7 14. c4 Ng4
15. d5 Nxe3 16. fxe3 O-O 17. g4 Bc8 18. h3 a6 19. Kf2 cxd5 20. cxd5 b5 21.
Rag1 Qd8 22. Nf1 Nh4 23. N3d2 g6 24. Ng3 Kh8 25. Rf1 Bd7 26. Kg1 Rc8 27.
Kh2 Bg5 28. Nf3 Nxf3+ 29. Rxf3 Rc7 30. Rhf1 Kg7 31. Kg2 Bh4 32. Qd2 Bc8 33.
Kh2 Bd7 34. Kg2 Be8 35. Kh2 Rh8 36. Qe2 Qc8 37. Rg1 a5 38. Qd2 b4 39. Rg2
h5 40. g5 Bd7 41. Rg1 Bxg3+ 42. Rfxg3 Bb5 43. R3g2 Bxd3 1/2-1/2

[Event "Olimpiade 2024 - Donne"]
[Site "Budapest"]
[Date "22.09.2024"]
[Round "11.14"]
[White "Hakimifard, Ghazal"]
[Black "Koskela, Niina"]
[Result "1-0"]
[WhiteElo "2192"]
[BlackElo "2173"]
[ECO "C45"]
[Opening "Scotch"]
[Variation "Schmidt variation"]
[TimeControl "40/5400+30:1800"]
[EventDate "2024.09.11"]
[Board "2"]
[WhiteFideId "12506540"]
[BlackFideId "500755"]
[WhiteTeam "Switzerland"]
[BlackTeam "Norway"]

1. e4 e5 2. Nf3 Nc6 3. d4 exd4 4. Nxd4 Nf6 5. Nc3 Bb4 6. Nxc6 bxc6 7. Bd3
d5 8. exd5 cxd5 9. O-O O-O 10. h3 c6 11. Bf4 Bd6 12. Qd2 Rb8 13. b3 Rb4 14.
Bxd6 Qxd6 15. Rfe1 Bd7 16. Ne2 c5 17. c4 d4 18. Ng3 a5 19. Bc2 Ra8 20. a3
Rb6 21. Qg5 h6 22. Qe5 Be6 23. Qe2 Rab8 24. Qd3 a4 25. bxa4 Rb2 26. Rac1
Qf4 27. Ne2 Qd6 28. Nc3 Bf5 29. Qxf5 dxc3 30. Rcd1 Qc6 31. Qd3 Re8 32.
Rxe8+ Qxe8 33. Qxc3 Rb8 34. Qd3 Qe5 35. Qd6 Qxd6 36. Rxd6 Kf8 37. a5 Ke7
38. Rb6 Nd7 39. Rxb8 Nxb8 40. Ba4 Kd8 41. Bb5 Kc7 42. g4 Nd7 43. Bxd7 1-0

[Event "Olimpiade 2024 - Donne"]
[Site "Budapest"]
[Date "22.09.2024"]
[Round "11.14"]
[White "Stanford, Sheila Barth"]
[Black "Hryzlova, Sofiia"]
[Result "1-0"]
[WhiteElo "2175"]
[BlackElo "2188"]
[ECO "A02"]
[Opening "Bird"]
[Variation "From gambit, Lasker variation"]
[TimeControl "40/5400+30:1800"]
[EventDate "2024.09.11"]
[Board "3"]
[WhiteFideId "1500953"]
[BlackFideId "14174669"]
[WhiteTeam "Norway"]
[BlackTeam "Switzerland"]

1. f4 e5 2. fxe5 d6 3. exd6 Bxd6 4. Nf3 g5 5. g3 g4 6. Nh4 Be7 7. Ng2 h5 8.
Nf4 h4 9. Bg2 Nh6 10. e4 Nc6 11. c3 f5 12. e5 Nxe5 13. d4 h3 14. Bd5 Ng6
15. Qb3 Nxf4 16. Bxf4 c6 17. Bc4 b5 18. Be6 Bd6 19. Bxc8 Bxf4 20. Qe6+ Kf8
21. gxf4 Rxc8 22. Nd2 Qh4+ 23. Kd1 Kg7 24. Qd7+ Kg6 25. Re1 Qd8 26. Re6+
Kh5 27. Qg7 Qg8 28. Qe5 Re8 29. Rxe8 Qxe8 30. Qf6 Qg6 31. Qxh8 g3 32. hxg3
Qxg3 33. Qe8+ Kh4 34. Qe1 Qxe1+ 35. Kxe1 Kg3 36. Ke2 Ng4 37. Rg1+ Kxf4 38.
Nf1 1-0

[Event "Olimpiade 2024 - Donne"]
[Site "Budapest"]
[Date "22.09.2024"]
[Round "11.14"]
[White "Manko, Mariia"]
[Black "Ni, Viktorija"]
[Result "1-0"]
[WhiteElo "2159"]
[BlackElo "2163"]
[ECO "E60"]
[Opening "King's Indian, 3.Nf3"]
[TimeControl "40/5400+30:1800"]
[EventDate "2024.09.11"]
[Board "4"]
[WhiteFideId "14199220"]
[BlackFideId "11602252"]
[WhiteTeam "Switzerland"]
[BlackTeam "Norway"]

1. d4 Nf6 2. c4 g6 3. Nf3 Bg7 4. g3 O-O 5. Bg2 d6 6. Nc3 Bd7 7. O-O Re8 8.
Bf4 Qc8 9. Qd2 Bh3 10. e4 Bxg2 11. Kxg2 Nh5 12. Bh6 e5 13. d5 Qg4 14. h3
Qd7 15. b4 Nf4+ 16. Bxf4 exf4 17. Rae1 a5 18. a3 axb4 19. axb4 fxg3 20.
fxg3 Ra3 21. Nb5 Ra4 22. Ng5 Rf8 23. Re2 h6 24. Nf3 Re8 25. Nh2 h5 26. Nf3
Qe7 27. Ng5 Bf6 28. Rxf6 Qxf6 29. Rf2 Ra2 30. Qxa2 Qxg5 31. Rf4 Na6 32. Qb2
Qe7 33. h4 c6 34. dxc6 bxc6 35. Nc3 Qe5 36. b5 cxb5 37. cxb5 Nc5 38. Qa2
Ne6 39. Rf3 Re7 40. Nd5 Re8 41. Nf6+ Kh8 42. Nxe8 Nd4 43. Qxf7 Nxf3 44.
Qf8+ 1-0

[Event "Olimpiade 2024 - Donne"]
[Site "Budapest"]
[Date "22.09.2024"]
[Round "11.15"]
[White "Cori T., Deysi"]
[Black "Tsolakidou, Stavroula"]
[Result "0-1"]
[WhiteElo "2366"]
[BlackElo "2444"]
[ECO "A05"]
[Opening "Reti opening"]
[TimeControl "40/5400+30:1800"]
[EventDate "2024.09.11"]
[Board "1"]
[WhiteFideId "3801934"]
[BlackFideId "4264312"]
[WhiteTeam "Peru"]
[BlackTeam "Greece"]

1. Nf3 Nf6 2. b3 g6 3. Bb2 Bg7 4. g3 d6 5. d4 b5 6. Bg2 Bb7 7. O-O Nbd7 8.
Nbd2 O-O 9. c4 bxc4 10. Nxc4 a5 11. a4 c5 12. Rc1 Be4 13. Re1 Ra6 14. Bf1
Bb7 15. Na3 Ne4 16. e3 Ra8 17. Bg2 Qb8 18. Nb5 Rc8 19. Qe2 cxd4 20. exd4
Ndf6 21. Rxc8+ Qxc8 22. Rc1 Qd8 23. Nd2 d5 24. Nxe4 dxe4 25. Nc3 Rb8 26.
Nxe4 Nxe4 27. Bxe4 Bxe4 28. Qxe4 Rxb3 29. Bc3 Ra3 30. Qc6 Bxd4 31. Bxd4
Qxd4 32. Qe8+ Kg7 33. Rc8 Ra1+ 34. Kg2 Qd5+ 35. Kh3 Rg1 36. Qf8+ Kf6 37.
Qh8+ Ke6 38. Qxh7 Qf5+ 0-1

[Event "Olimpiade 2024 - Donne"]
[Site "Budapest"]
[Date "22.09.2024"]
[Round "11.15"]
[White "Avramidou, Anastasia"]
[Black "Contreras Huaman, Fiorella"]
[Result "1-0"]
[WhiteElo "2290"]
[BlackElo "2168"]
[ECO "D10"]
[Opening "QGD Slav defence"]
[TimeControl "40/5400+30:1800"]
[EventDate "2024.09.11"]
[Board "2"]
[WhiteFideId "4239873"]
[BlackFideId "3824675"]
[WhiteTeam "Greece"]
[BlackTeam "Peru"]

1. d4 d5 2. c4 c6 3. Nc3 Nf6 4. e3 Bf5 5. cxd5 cxd5 6. Qb3 Bc8 7. Nf3 e6 8.
Bd3 Nc6 9. O-O Bd6 10. Bd2 O-O 11. Rac1 Bd7 12. Na4 Na5 13. Bxa5 Qxa5 14.
Nc5 Bc6 15. Qc3 Qxc3 16. Rxc3 Rfc8 17. Rfc1 Nd7 18. b4 Bxc5 19. bxc5 Kf8
20. Kf1 Ke7 21. Ke1 Rc7 22. Kd2 Rb8 23. Ne1 b6 24. cxb6 Rxb6 25. Bc2 h6 26.
Bb3 Kd6 27. Nd3 Rcb7 28. Nc5 Rb8 29. f3 Nf6 30. Nd3 Nd7 31. h4 Bb5 32. Nc5
Ke7 33. a4 Ba6 34. a5 Rd6 35. Ba4 Rb2+ 36. R1c2 Rxc2+ 37. Rxc2 Nxc5 38.
Rxc5 Kd8 39. Kc3 Bc8 40. Kb4 Bd7 41. Bxd7 Kxd7 42. g4 a6 43. h5 Rc6 44. e4
dxe4 45. fxe4 Kd6 46. Rxc6+ Kxc6 47. Kc4 f6 48. d5+ Kd6 49. dxe6 Kxe6 50.
Kc5 Ke5 51. Kb6 Kxe4 52. Kxa6 Kf4 53. Kb6 Kxg4 54. a6 Kxh5 55. a7 g5 56.
a8=Q f5 57. Qf3+ Kg6 58. Kc5 f4 59. Kd4 Kf5 60. Qh5 1-0

[Event "Olimpiade 2024 - Donne"]
[Site "Budapest"]
[Date "22.09.2024"]
[Round "11.15"]
[White "Garcia Andrada, Heidy Nicole"]
[Black "Pavlidou, Ekaterini"]
[Result "1/2-1/2"]
[WhiteElo "2003"]
[BlackElo "2141"]
[ECO "B20"]
[Opening "Sicilian defence"]
[TimeControl "40/5400+30:1800"]
[EventDate "2024.09.11"]
[Board "3"]
[WhiteFideId "3831779"]
[BlackFideId "4213262"]
[WhiteTeam "Peru"]
[BlackTeam "Greece"]

1. e4 c5 2. c4 d6 3. Nc3 Nc6 4. g3 g6 5. Bg2 Bg7 6. Nge2 e6 7. d3 Nge7 8.
a3 a5 9. Rb1 O-O 10. O-O h6 11. h3 Kh7 12. Kh2 Rb8 13. Be3 e5 14. f4 Nd4
15. b4 axb4 16. axb4 cxb4 17. Rxb4 Nec6 18. Rb1 exf4 19. Nxf4 Ra8 20. Nfd5
Ra3 21. Bc1 Ra6 22. Rf2 Be5 23. Bf4 Ne6 24. Bxe5 dxe5 25. Nf6+ Kg7 26. Ncd5
Ncd4 27. h4 Nc7 28. Qe1 Nxd5 29. Nxd5 g5 30. h5 g4 31. Qd2 Qg5 32. Qxg5+
hxg5 33. Ne7 Rh6 34. Nf5+ Bxf5 35. exf5 Rxh5+ 36. Kg1 Nf3+ 37. Kf1 Rd8 38.
Ke2 Rd7 39. Ke3 Rh6 40. Rb3 Rhd6 41. Bxf3 gxf3 42. Rxf3 g4 43. Rf1 Kf6 44.
Ke4 Rd4+ 45. Ke3 R4d6 46. Ke4 Rd4+ 47. Ke3 R4d6 48. Ke4 1/2-1/2